 Dungeon Crawl Stone Soup version 0.30-a0-469-g84de5afbc5 (webtiles) character file.

Game seed: 988427277437418280

220 xzight the Sneak (level 5, 0/24 HPs)
             Began as a Spriggan Enchanter on Dec 20, 2022.
             Slain by Grinder (7 damage)
             ... on level 4 of the Dungeon.
             The game lasted 00:10:57 (3347 turns).

xzight the Sneak (Spriggan Enchanter)               Turns: 3347, Time: 00:10:58

Health: 0/24       AC:  2    Str:  4    XL:     5   Next: 64%
Magic:  12/12      EV: 19    Int: 16    God:
Gold:   127        SH:  0    Dex: 18    Spells: 1/12 levels left

rFire   . . .      SeeInvis +    m - +3 dagger
rCold   . . .      Faith    .    (no shield)
rNeg    . . .      Spirit   .    b - +0 robe
rPois   .          Reflect  .    (helmet restricted)
rElec   .          Harm     .    (no cloak)
rCorr   .          Rampage  .    (gloves unavailable)
Will    .....                    (boots unavailable)
Stlth   +++.......               (no amulet)
HPRegen 0.24/turn                (no ring)
MPRegen 0.13/turn                (no ring)

@: very quick
A: very small, no large weapons, unfitting armour, see invisible, speed 3
a: no special abilities


You were on level 4 of the Dungeon.
You visited 1 branch of the dungeon, and saw 4 of its levels.

You collected 127 gold pieces.


Innate Abilities, Weirdness & Mutations

You are very small and have problems with some larger weapons.
You are too small for most types of armour.
You have supernaturally acute eyesight. (SInv)
You cover ground extremely quickly. (Speed+++)


   Skills:
 + Level 2.9 Short Blades
 + Level 4.2 Dodging
 + Level 5.9 Stealth
 + Level 4.0 Spellcasting
 + Level 4.7 Hexes


You had one spell level left.
You knew the following spells:

 Your Spells              Type           Power      Damage    Failure   Level
c - Confusing Touch       Hex            18%        N/A       8%          3
d - Dazzling Flash        Conj/Hex       20%        N/A       19%         3
e - Ensorcelled Hibernat  Hex/Ice        20%        N/A       10%         2
k - Tukima's Dance        Hex            18%        N/A       8%          3

Your spell library contained the following spells:

 Spells                   Type           Power      Damage    Failure   Level
 Portal Projectile        Hex/Tloc       20%        N/A       19%         3
 Blink                    Tloc           6%         N/A       26%         2
 Momentum Strike          Conj/Tloc      6%         3d8       26%         2
 Lesser Beckoning         Tloc           6%         N/A       45%         3
 Passage of Golubria      Tloc           3%         N/A       86%         4
 Yara's Violent Unravell  Hex/Tmut       5%         3d4       87%         5
 Blade Hands              Tmut           1%         N/A       99%         5

Inventory:

Hand Weapons
 m - a +3 dagger (weapon)
Armour
 b - a +0 robe (worn)
Scrolls
 f - a scroll of teleportation {unknown}
 h - a scroll of torment {unknown}
 l - a scroll of fog {unknown}
 n - a scroll of enchant weapon {unknown}
 o - a scroll of enchant armour {unknown}
Potions
 a - a potion of flight {unknown}
 c - 3 potions of invisibility
 d - a potion of lignification {unknown}
 e - a potion of magic {unknown}
 g - a potion of berserk rage {unknown}
 i - 2 potions of mutation
 j - 2 potions of ambrosia

Dungeon Overview and Level Annotations

Branches:
Dungeon (4/15)
 Temple: D:4-7

Altars:
Hepliaklqana

Annotations:
D:4 Grinder

#...# ##
#J..# .###5..
.# .... ##
.#.#.o####..≈
#.
.#o#.)).o...≈
#.. ...
#o####..≈
#..#####.#
#.<.....≈
#...@5...#
#######.≈
#.#.o##.##
#....##...
####.##.##.#
#..... #
####.# #.#
#.#


You could see Grinder and an orc.


Message History

You hit the orc.
The orc is almost dead.
The orc closely misses you.
Grinder blinks!
You hit the orc.
You kill the orc!
The orc barely misses you. Grinder completely misses you.
You climb upwards.
There is a stone staircase leading down here.
You hit the orc.
The orc is heavily wounded.
Grinder hits you.
You writhe in agony.
The orc completely misses you.
You barely miss the orc.
The orc is heavily wounded.
Grinder hits you.
You writhe in agony.
The orc hits you with a +0 hand axe.
* * * LOW HITPOINT WARNING * * *
Grinder hits you.
* * * LOW HITPOINT WARNING * * *
You writhe in agony.
* * * LOW HITPOINT WARNING * * *
The orc misses you.
You climb downwards.
There is a stone staircase leading up here.
You feel better. The orc hits you with a +0 hand axe.
* * * LOW HITPOINT WARNING * * *
Grinder completely misses you. Grinder hits you!
* * * LOW HITPOINT WARNING * * *
You see here a +0 hand axe.
You feel better. The orc misses you. Grinder hits you!
You die...

Skill      XL: |  1  2  3  4  5 |
---------------+----------------+-----
Dodging        | 3 4 |  4.2
Spellcasting   | 3 4 |  4.0
Hexes          | 4 |  4.7
Short Blades   | 2 |  2.9
Stealth        | 5 |  5.9

Action                   |  1- 3 |  4- 6 || total
-------------------------+-------+-------++-------
Melee: Dagger            |   146 |   116 ||   262
       Punch             |     1 |       ||     1
 Cast: Ensorcelled Hiber |     4 |     6 ||    10
       Tukima's Dance    |       |     2 ||     2
  Use: Scroll            |       |     3 ||     3
       Potion            |       |     2 ||     2
 Stab: Sleeping          |    11 |    13 ||    24
Armor: Robe              |    11 |     7 ||    18
Dodge: Dodged            |   113 |    91 ||   204

Levels and vault maps discovered:
D:1:      scummos_arrival_checkerplants, layout_basic, serial_forest,
          infiniplex_forest_pool, infiniplex_forest_lined_room_2,
          infiniplex_forest_clump_curved, infiniplex_forest_clump_tiny,
          infiniplex_forest_3_way, infiniplex_forest_corner_2,
          infiniplex_forest_clump_diagonal
D:2:      layout_loops_ring, basic_altar, dreamdust_ecumenical_altar_grove,
          minivault_24, minmay_misc_feat_nine_boxes, uniq_natasha
D:3:      cheibrodos_helix_gallery, layout_loops_ring
D:4:      layout_loops_ring, gammafunk_ghost_gnarly_gnolls,
          minmay_misc_feat_rows, kennysheep_donut, minmay_misc_feat_room,
          uniq_grinder

Notes
Turn   | Place    | Note
-------+----------+-------------------------------------------
     0 | D:1      | xzight the Spriggan Enchanter began the quest for the Orb.
     0 | D:1      | Reached XP level 1. HP: 9/9 MP: 5/5
   172 | D:1      | Reached XP level 2. HP: 13/13 MP: 6/6
   175 | D:1      | Learned a level 2 spell: Ensorcelled Hibernation
   235 | D:1      | Reached skill level 3 in Dodging
   331 | D:1      | Reached skill level 3 in Spellcasting
   590 | D:1      | Reached XP level 3. HP: 16/16 MP: 8/8
   594 | D:1      | Learned a level 3 spell: Confusing Touch
   598 | D:1      | Learned a level 3 spell: Dazzling Flash
   710 | D:1      | Reached skill level 4 in Hexes
  1286 | D:2      | Noticed Natasha
  1291 | D:2      | Killed Natasha
  1292 | D:2      | Reached skill level 2 in Short Blades
  1292 | D:2      | Reached skill level 5 in Stealth
  1358 | D:2      | Noticed Natasha
  1386 | D:2      | Killed Natasha
  1387 | D:2      | Reached XP level 4. HP: 7/21 MP: 8/10
  1401 | D:2      | Noticed Natasha
  1689 | D:2      | Found a hazy altar of Hepliaklqana.
  1900 | D:2      | Killed Natasha
  1901 | D:2      | Reached XP level 5. HP: 24/24 MP: 4/11
  1983 | D:2      | Found a faded altar of an unknown god.
  2421 | D:3      | Reached skill level 4 in Dodging
  2563 | D:3      | Reached skill level 4 in Spellcasting
  2596 | D:3      | Learned a level 3 spell: Tukima's Dance
  3256 | D:4      | Noticed Grinder
  3343 | D:3      | HP: 2/24 [Grinder (4)]
  3347 | D:4      | Slain by Grinder

Vanquished Creatures
  Natasha (thrice) (D:2)
  4 gnolls (D:3)
  3 adders
  A worm (D:3)
  3 dart slugs
  3 orcs (D:4)
  5 ball pythons
  11 bats
  An endoplasm (D:1)
  2 giant cockroaches (D:1)
  6 goblins
  3 hobgoblins
  7 jackals (D:1)
  3 kobolds
  4 quokkas
  2 frilled lizards
  6 rats
67 creatures vanquished.

Vanquished Creatures (collateral kills)
  An orc (D:3)
1 creature vanquished.

Vanquished Creatures (others)
  2 plants (D:1)
2 creatures vanquished.

Grand Total: 70 creatures vanquished

Table legend: (Time is in decaauts)
 A = Elapsed time spent in this place.
 B = Non-inter-level travel time spent in this place.
 C = Inter-level travel time spent in this place.
 D = Time resting spent in this place.
 E = Time spent auto-exploring this place.
 F = Levels seen in this place.
 G = Mean time per level.
                   A        B        C        D        E       F      G
               +--------+--------+--------+--------+--------+-----+--------+
         Total |   2332 |   2183 |    149 |    454 |   1051 |   4 |  583.0 |
       Dungeon |   2332 |   2183 |    149 |    454 |   1051 |   4 |  583.0 |
               +--------+--------+--------+--------+--------+-----+--------+

Top non-repeatable levels by time:
     D:1: 901 daAuts
     D:2: 711 daAuts
     D:3: 696 daAuts
     D:4: 23 daAuts

Table legend:
 A = Non-vault XP
 B = Vault XP
 C = Vault XP percentage of total XP
 D = Non-vault monster count
 E = Vault monster count
 F = Vault count percentage of total count
                 A         B        C        D         E       F
            +---------+---------+-------+---------+---------+-------
      Total |     271 |      44 |  14.0 |      65 |       3 |   4.4
            +---------+---------+-------+---------+---------+-------
        D:1 |      60 |       0 |   0.0 |      33 |       0 |   0.0
        D:2 |     123 |      36 |  22.6 |      18 |       1 |   5.3
        D:3 |      77 |       8 |   9.4 |      10 |       2 |  16.7
        D:4 |      11 |       0 |   0.0 |       4 |       0 |   0.0
            +---------+---------+-------+---------+---------+-------
